 Dungeon Crawl Stone Soup version 0.17.0-26-gececa24 (webtiles) character file.

7809 lucasterio the Spear-Bearer (level 11, -2/102 HPs)
             Began as a Minotaur Berserker on Nov 19, 2015.
             Was a High Priest of Trog.
             Slain by Sonja
             ... wielding a +0 short sword of distortion
              (4 damage)
             ... on level 10 of the Dungeon.
             The game lasted 00:43:30 (8987 turns).

lucasterio the Spear-Bearer (Minotaur Berserker)    Turns: 8987, Time: 00:43:30

Health: -2/102     AC: 15    Str: 24    XL:     11   Next: 1%
Magic:  4/4        EV:  6    Int:  4    God:    Trog [*****.]
Gold:   503        SH: 11    Dex: 11    Spells: 0 memorised, 10 levels left

rFire  . . .     SeeInvis +     S - +2 trident (antimagic)
rCold  . . .     Clarity  .     P - +0 plate armour
rNeg   + . .     SustAt   .     o - +0 shield
rPois  +         Gourm    .     (helmet restricted)
rElec  .         Spirit   .     E - +1 cloak {rPois}
rCorr  .         Warding  .     (no gloves)
rMut   .         Stasis   .     (no boots)
MR     .....                    (no amulet)
Stlth  ..........               q - ring of positive energy
                                z - ring of see invisible

@: exhausted, about to teleport, slowed, very slow, not resistant to hostile
enchantments, extremely unstealthy
A: retaliatory headbutt, horns 2
a: Berserk, Trog's Hand, Brothers in Arms, Burn Spellbooks, Renounce Religion


You were on level 10 of the Dungeon.
You worshipped Trog.
Trog was extremely pleased with you.
You were very hungry.

You visited 1 branch of the dungeon, and saw 10 of its levels.
You also visited: Sewer.

You collected 503 gold pieces.

Inventory:

Hand Weapons
 a - a +0 spear
 y - a +0 trident of flaming
 B - a +0 shortbow
 S - a +2 antimagic trident (weapon)
Missiles
 D - 9 arrows of frost
 G - 84 arrows
 I - 29 poisoned arrows
 O - 2 javelins of returning (quivered)
Armour
 o - a +0 shield (worn)
 E - a +1 cloak of poison resistance (worn)
 P - a +0 plate armour (worn)
Jewellery
 q - a ring of positive energy (right hand)
 z - a ring of see invisible (left hand)
 F - an uncursed ring of flight
 K - the amulet of the Will of the Gods {Clar Str-2 Int+10}
   (You found it on level 6 of the Dungeon)

   [amulet of clarity]

   It provides mental clarity.
   It affects your strength (-2).
   It affects your intelligence (+10).
 U - an uncursed ring of protection from magic {unknown}
Wands
 b - a wand of paralysis (6)
 d - a wand of magic darts (22)
 M - a wand of fire (8)
 Q - a wand of cold (3)
 T - a wand of paralysis (17)
 V - a wand of invisibility (7)
Scrolls
 h - 3 scrolls of immolation {unknown}
 j - 2 scrolls of enchant weapon {unknown}
 l - 2 scrolls of teleportation
 m - 7 scrolls of remove curse
 p - 2 scrolls of blinking {unknown}
 r - 2 scrolls of amnesia {unknown}
 s - 2 scrolls of recharging
 v - 2 scrolls of enchant armour {unknown}
 H - 3 scrolls of random uselessness {unknown}
 W - 2 scrolls of identify
Potions
 e - 9 potions of heal wounds {unknown}
 g - 3 potions of brilliance {unknown}
 k - 3 potions of degeneration {unknown}
 u - 3 potions of flight {unknown}
 w - a potion of lignification {unknown}
 x - a potion of poison {unknown}
 A - 6 potions of agility {unknown}
 C - 3 potions of curing
 J - 3 potions of mutation {unknown}
Books
 t - a book of Dreams

   Spells                             Type                      Level
   a - Ensorcelled Hibernation        Hexes/Ice                    2
   b - Phase Shift                    Translocation                5
   c - Shadow Creatures               Summoning                    5
   d - Silence                        Hexes/Air                    5
   e - Darkness                       Hexes                        6
   f - Mass Confusion                 Hexes                        6
   Trog disapproves of the use of such an item.
 N - Olgreb's Disquisition on Destructive Poison
   (You found it on level 7 of the Dungeon)

   Spells                             Type                      Level
   a - Sting                          Conjuration/Poison           1
   b - Cure Poison                    Poison                       2
   c - Ignite Poison                  Fire/Transmutation/Poison    3
   d - Spider Form                    Transmutation/Poison         3
   e - Venom Bolt                     Conjuration/Poison           5
   f - Poisonous Cloud                Conjuration/Poison/Air       6
   Trog disapproves of the use of such an item.
 R - a Grand Grimoire

   Spells                             Type                      Level
   a - Monstrous Menagerie            Summoning                    6
   b - Summon Greater Demon           Summoning                    7
   c - Malign Gateway                 Summoning/Translocation      7
   d - Summon Horrible Things         Summoning                    8
   Trog disapproves of the use of such an item.
Comestibles
 c - 12 bread rations
 f - 10 meat rations
 i - 20 fruits
 n - 10 slices of pizza
 L - 2 beef jerkies
 X - 8 chunks of flesh
 Y - a royal jelly


   Skills:
 + Level 11.0 Fighting
 + Level 12.3 Polearms
 + Level 7.6 Armour
 - Level 2.1 Dodging
 - Level 1.8 Stealth
 - Level 7.4 Shields
 - Level 4.8 Evocations


You had 10 spell levels left.
You didn't know any spells.

Dungeon Overview and Level Annotations

Branches:
Dungeon (10/15)            Temple (0/1) D:4            Lair (0/8) D:10
    Orc: D:9-12

Altars:
Ashenzari
Elyvilon
Gozag
Makhleb
Okawaru
Qazlal
Ru
Vehumet
Xom
Yredelemnul
Zin

Shops:
D:6 *   D:9 *

Annotations:
D:10 Sonja


Innate Abilities, Weirdness & Mutations

You reflexively headbutt those who attack you in melee.
You have a pair of horns on your head.


Message History

You block Sonja's attack. Sonja hits you but does no damage.
Space bends around you. Sonja hits you but does no damage.
Space warps horribly around you!
* * * LOW HITPOINT WARNING * * *
You see here a curare-tipped needle.
Sonja casts a spell.
Sonja blinks!
A shadow imp comes into view.
You are too injured to fight recklessly!
Your shield and plate armour prevent you from hitting the shadow imp.
You block Sonja's attack. x2
Sonja hits you but does no damage.
You feel strangely unstable. The shadow imp gestures at you.
Pain shoots through your body!
* * * LOW HITPOINT WARNING * * *
Sonja barely misses you.
Sonja hits you with an uncursed short sword of distortion.
* * * LOW HITPOINT WARNING * * *
Space bends around you.
You die...

#.##### #(#
#(# #.# #(#
#K# #(#
#(#####.##.#
#..K@5.....#
#######.####


You could see Sonja (invisible) and a shadow imp.

Vanquished Creatures
  Erica (D:8)
  2 hill giants (D:10)
  2 trolls (D:9)
  Sigmund (D:3)
  The ghost of WereVolvo the Chucker, an amateur TrHu (D:3)
  A human (D:7)
  A wyvern (D:8)
  A hog (D:7)
  A hippogriff (D:8)
  2 wasps
  3 sky beasts
  A phantom (D:8)
  2 ice beasts
  A black bear (D:8)
  A centaur (D:5)
  A crocodile (D:10)
  6 orc warriors
  7 ogres
  2 big kobolds
  4 giant frogs
  A gnoll sergeant (D:6)
  A water moccasin zombie (D:5)
  A scorpion (D:7)
  11 killer bees
  5 wights (D:7)
  5 crimson imps
  2 jellies
  2 giant frog skeletons
  A giant frog zombie (D:6)
  4 hounds
  A gnoll shaman (D:5)
  A centaur skeleton (D:10)
  5 orc priests
  A centaur zombie (D:6)
  6 worker ants
  4 orc wizards
  3 sheep (D:7)
  2 hound skeletons (D:6)
  15 gnolls
  7 adders
  3 shadow imps
  An adder zombie (D:9)
  2 oozes
  2 adder skeletons (D:4)
  2 worms (D:3)
  13 giant geckos
  51 orcs
  8 ball pythons
  8 bats
  11 giant cockroaches
  11 goblins
  8 hobgoblins
  11 jackals
  5 quokkas
  A giant gecko zombie (D:9)
  5 giant newts
  A jackal skeleton (D:4)
  30 kobolds
  12 rats
304 creatures vanquished.

Vanquished Creatures (collateral kills)
  An orc warrior (D:9)
1 creature vanquished.

Vanquished Creatures (others)
  A hound (D:8)
  2 plants
3 creatures vanquished.

Grand Total: 308 creatures vanquished

Notes
Turn   | Place    | Note
--------------------------------------------------------------
     0 | D:1      | lucasterio the Minotaur Berserker began the quest for the Orb.
     0 | D:1      | Reached XP level 1. HP: 19/19 MP: 0/0
   106 | D:1      | Reached skill level 4 in Polearms
   111 | D:1      | Reached XP level 2. HP: 27/27 MP: 1/1
   660 | D:1      | Reached ** piety under Trog
   660 | D:1      | Reached XP level 3. HP: 33/33 MP: 2/2
   932 | D:2      | Reached skill level 5 in Polearms
   944 | D:2      | Found an iron altar of Okawaru.
  1358 | D:2      | Found a basalt altar of Yredelemnul.
  1448 | D:2      | Reached XP level 4. HP: 36/40 MP: 3/3
  1678 | D:2      | Found a white marble altar of Elyvilon.
  1766 | D:3      | Reached skill level 1 in Stealth
  1927 | D:3      | Noticed WereVolvo's ghost (amateur TrHu)
  1950 | D:3      | Killed WereVolvo's ghost
  1950 | D:3      | Reached skill level 6 in Polearms
  1950 | D:3      | Reached skill level 1 in Shields
  1950 | D:3      | Reached XP level 5. HP: 37/47 MP: 4/4
  1950 | D:3      | Reached XP level 6. HP: 41/53 MP: 5/5
  1987 | D:3      | Reached *** piety under Trog
  2215 | D:3      | Found a radiant altar of Vehumet.
  2236 | D:3      | Noticed an ogre
  2241 | D:3      | Killed an ogre
  2241 | D:3      | Reached skill level 5 in Fighting
  2241 | D:3      | Reached skill level 7 in Polearms
  2330 | D:3      | Noticed Sigmund
  2341 | D:3      | Killed Sigmund
  2341 | D:3      | Reached XP level 7. HP: 61/61 MP: 6/6
  2646 | D:4      | Found a burning altar of Makhleb.
  2674 | D:4      | Found a staircase to the Ecumenical Temple.
  3162 | D:5      | Entered Level 5 of the Dungeon
  3180 | D:5      | Found a glowing drain.
  3207 | Sewer    | Entered a sewer
  3283 | Sewer    | Reached **** piety under Trog
  3385 | Sewer    | Reached skill level 8 in Polearms
  3418 | Sewer    | Received a gift from Trog
  3702 | D:5      | Reached XP level 8. HP: 27/70 MP: 7/7
  4520 | D:6      | Reached skill level 9 in Polearms
  4537 | D:6      | Reached skill level 1 in Evocations
  4694 | D:6      | Reached ***** piety under Trog
  4694 | D:6      | Reached skill level 5 in Armour
  4879 | D:6      | Got a vibrating tin amulet
  4888 | D:6      | Identified the amulet of the Will of the Gods {Clar Str-2 Int+10} (You found it on level 6 of the Dungeon)
  4931 | D:6      | Found an opulent altar of Gozag.
  5025 | D:6      | Found Aliagae's Assorted Antiques.
  5384 | D:7      | Identified Olgreb's Disquisition on Destructive Poison
  5402 | D:7      | Received a gift from Trog
  5408 | D:7      | Reached XP level 9. HP: 81/81 MP: 9/9
  5527 | D:7      | Reached skill level 10 in Polearms
  5527 | D:7      | Reached skill level 5 in Shields
  5683 | D:7      | Found a shattered altar of Ashenzari.
  5766 | D:7      | Found a shimmering altar of Xom.
  6065 | D:8      | Noticed Erica
  6067 | D:8      | Reached skill level 11 in Polearms
  6091 | D:8      | Killed Erica
  6091 | D:8      | Reached XP level 10. HP: 49/92 MP: 11/11
  6122 | D:8      | Found a stormy altar of Qazlal.
  6237 | D:8      | Found an iron altar of Okawaru.
  6238 | D:8      | Found a sacrificial altar of Ru.
  6388 | D:8      | Found a glowing silver altar of Zin.
  6388 | D:8      | Noticed an angel
  6805 | D:8      | Reached skill level 10 in Fighting
  6845 | D:9      | Found Use Gead's Assorted Antiques.
  7004 | D:9      | Received a gift from Trog
  7466 | D:9      | Found a shimmering altar of Xom.
  8540 | D:10     | Entered Level 10 of the Dungeon
  8563 | D:10     | Noticed a hill giant
  8577 | D:10     | Killed a hill giant
  8577 | D:10     | Reached skill level 12 in Polearms
  8851 | D:10     | Noticed a hill giant
  8867 | D:10     | Killed a hill giant
  8867 | D:10     | Reached XP level 11. HP: 102/102 MP: 4/13
  8921 | D:10     | Found a staircase to the Lair.
  8958 | D:10     | Noticed Sonja
  8987 | D:10     | HP: 4/102 [shadow imp/nerve-wracking pain (8)]
  8987 | D:10     | Slain by Sonja

Action                   |  1- 3 |  4- 6 |  7- 9 | 10-12 || total
-------------------------+-------+-------+-------+-------++-------
Melee: Spear             |   114 |   160 |    54 |       ||   328
       Trident           |       |       |   430 |   357 ||   787
Invok: Berserk           |     1 |     1 |     5 |     4 ||    11
       Trog's Hand       |       |     1 |     3 |     1 ||     5
       Brothers in Arms  |       |       |       |     1 ||     1
  Use: Scroll            |       |       |     6 |     2 ||     8
       Potion            |       |       |       |     1 ||     1
 Stab: Sleeping          |     3 |     2 |       |       ||     5
       Distracted        |       |     1 |       |       ||     1
  Eat: Chunk             |     3 |     3 |    19 |    13 ||    38
